 Dungeon Crawl Stone Soup version 0.31-a0-516-gfcb59812bd (webtiles) character file.

Game seed: 17190548491334863607

40 GordonOverkill the Sneak (level 3, 0/19 HPs)
             Began as a Vine Stalker Delver on Aug 10, 2023.
             Succumbed to an adder's poison
             ... on level 2 of the Dungeon.
             The game lasted 00:02:29 (1522 turns).

GordonOverkill the Sneak (Vine Stalker Delver)      Turns: 1522, Time: 00:02:30

Health: 0/19       AC:  6    Str: 14 (16) XL:     3   Next: 50%
Magic:  11/13      EV: 11    Int:  8 (10) God:
Gold:   83         SH:  0    Dex: 12 (15) Spells: 2/2 levels left

rFire   . .          .
                       - Unarmed
rCold   . . .        (no shield)
rNeg    . . .        a - +0 leather armour
rPois   .            (no helmet)
rElec   .            r - +2 cloak
rCorr   .            (no gloves)
SInv    .            (no boots)
Will    .....        (no amulet)
Stlth   +++          k - ring of magical power
HPRegen 0.23/turn    (no ring)
MPRegen 0.13/turn

%: guardian spirit
@: lethally poisoned (0 -> -4), attractive, invisible
A: fangs 2, magic shield, antimagic bite, no potion heal 2
a: no special abilities


You were on level 2 of the Dungeon.
You visited 1 branch of the dungeon, and saw 6 of its levels.

You collected 83 gold pieces.

Inventory:

Missiles
 t - 2 boomerangs
Armour
 a - a +0 leather armour (worn)
 r - a +2 cloak (worn)
Jewellery
 k - a ring of magical power (left hand)
 p - a ring of resist corrosion
Wands
 f - a wand of digging (3)
Scrolls
 b - 2 scrolls of fog
 c - a scroll of revelation
 d - 2 scrolls of fear
 g - a scroll of silence {unknown}
 h - a scroll of noise {unknown}
 i - a scroll of amnesia {unknown}
 j - 2 scrolls of teleportation {unknown}
 l - 2 scrolls of identify {unknown}
 q - a scroll of vulnerability {unknown}
Potions
 e - a potion of haste
 o - a potion of heal wounds {unknown}
 s - a potion of attraction
 u - a potion of enlightenment {unknown}
 v - a potion of brilliance {unknown}


   Skills:
 - Level 2.6 Fighting
 - Level 1.5 Dodging
 - Level 6.0 Stealth
 + Level 3.8 Unarmed Combat


You had 2 spell levels left.
You didn't know any spells.
Your spell library was empty.

Dungeon Overview and Level Annotations

Branches:
Dungeon (6/15)
 Temple: D:4-7

Altars:
Fedhas

Shops:
D:4 (

Annotations:
D:1 2 transporters


Innate Abilities, Weirdness & Mutations

You have extremely sharp teeth.
When hurt, damage is shared between your health and your magic reserves.
Your bite disrupts and absorbs the magic of your enemies.
Potions cannot restore your health.


Message History

The adder poisons you! The adder bites you but does no damage.
You closely miss the adder. Your bite misses the adder.
The adder is severely wounded.
You feel sick. The adder bites you.
You are more poisoned.
The adder poisons you!
You miss the adder. Your bite misses the adder.
The adder is severely wounded.
You feel very sick. The adder bites you.
You are lethally poisoned!
The adder poisons you!
You are too injured to fight recklessly!
You are too injured to fight recklessly!
You hit the adder. Your bite misses the adder.
The adder is severely wounded.
* * * LOW HITPOINT WARNING * * *
You feel very sick. The adder bites you.
You hit the adder.
You kill the adder!
* * * LOW HITPOINT WARNING * * *
You feel very sick.
* * * LOW HITPOINT WARNING * * *
You feel sick.
You see here an adder corpse.
* * * LOW HITPOINT WARNING * * *
You feel sick.
It was a potion of attraction.
You feel attractive to monsters.
* * * LOW HITPOINT WARNING * * *
You feel sick.
It was a potion of invisibility.
You fade into invisibility!
* * * LOW HITPOINT WARNING * * *
You feel sick.
It was a potion of degeneration.
There was something very wrong with that liquid.
You feel weakened.
You feel dopey.
You feel clumsy.
You die...

.#....#.#.##.>.....########...#.#
...^#.#.#.##.......# #.#.#.#
##..#.#.#.##.....).# #.#.#.#
....#.#.#.##.......########+#....
###+#...#.##...................##
.....####.##................<....
.....####'##............)...[#.#.
...............................#.
...............†@.............##
............##+####...........#
............# #########+#.#
###+#.......# .# ###.#.......# ..
..<..####.### .....# #.# .....#
#.# ###'#####.#


There were no monsters in sight!

Vanquished Creatures
  An adder (D:2)
  5 ball pythons
  4 bats
  An endoplasm (D:2)
  5 goblins
  2 hobgoblins (D:1)
  3 jackals (D:4)
  2 kobolds (D:1)
  A quokka (D:1)
  A frilled lizard (D:1)
  A rat (D:1)
26 creatures vanquished.

Notes
Turn   | Place    | Note
-------+----------+-------------------------------------------
     0 | D:5      | GordonOverkill the Vine Stalker Delver began the quest for
                  | the Orb.
     0 | D:5      | Reached XP level 1. HP: 11/11 MP: 2/2
     1 | D:6      | Noticed a bullfrog
    51 | D:5      | Identified the +8 dagger of Light {flame, Fly}
    74 | D:4      | Found Rinus's Antique Weapon Boutique.
   128 | D:3      | Found a blossoming altar of Fedhas.
   162 | D:2      | Reached XP level 2. HP: 16/16 MP: 3/3
   301 | D:1      | Found a faded altar of an unknown god.
   449 | D:1      | Found a transporter.
   619 | D:1      | Reached XP level 3. HP: 19/19 MP: 4/4
   803 | D:1      | Found a transporter.
  1522 | D:2      | Succumbed to an adder's poison

Illustrated notes

Levels and vault maps discovered:
D:1:      spicycebolla_arrival_transporter_tutorial, layout_basic,
          shapermc_ecumenical_altar_mp_urbaneastern
D:2:      layout_basic
D:3:      layout_loops_corners, mainiacjoe_overflow_tiny_flanked,
          columned_hall_lemuel, hex_medium
D:4:      layout_gridville, nzn_overflow_gifts_of_might_and_magic,
          doesnt_xom_only_xom, nicolae_yredelemnul_ghost_church, serial_shops,
          shop, nicolae_shop_tiny_statue_garden, shop, uniq_natasha
D:5:      layout_loops_ring, minitemple, temple_pool_b, uniq_crazy_yiuf_cottage
D:6:      layout_loops_cross, lemuel_tele_altar,
          mainiacjoe_overflow_catwalk_spiral, serial_undead, serial_undead_b,
          serial_undead_b, serial_undead_c, serial_undead_b,
          biasface_ghost_orc_armoury, uniq_prince_ribbit1

Skill      XL: |  1  2 |
---------------+-------+-----
Unarmed Combat | 3 |  3.8
Fighting       | |  2.6
Dodging        | |  1.5
Stealth        | |  6.0

Action                     || total
---------------------------++-------
  Melee: Unarmed           ||    74
         Bite              ||    18
    Use: Potion            ||     3
   Stab: Sleeping          ||     7
 Armour: Leather armour    ||    14
  Dodge: Dodged            ||    44

Table legend: (Time is in decaauts)
 A = Elapsed time spent in this place.
 B = Non-inter-level travel time spent in this place.
 C = Inter-level travel time spent in this place.
 D = Time resting spent in this place.
 E = Time spent auto-exploring this place.
 F = Levels seen in this place.
 G = Mean time per level.
                   A        B        C        D        E       F      G
               +--------+--------+--------+--------+--------+-----+--------+
         Total |   1522 |   1353 |    169 |     79 |    957 |   6 |  253.7 |
       Dungeon |   1522 |   1353 |    169 |     79 |    957 |   6 |  253.7 |
               +--------+--------+--------+--------+--------+-----+--------+

Top non-repeatable levels by time:
     D:1: 786 daAuts
     D:2: 599 daAuts
     D:5: 69 daAuts
     D:4: 53 daAuts
     D:3: 8 daAuts
     D:6: 4 daAuts
